 Dungeon Crawl Stone Soup version 0.27-a0-732-ga892ba84f6 (webtiles) character file.

Game seed: 13078950658701202153

135 rageheart7 the Skirmisher (level 5, -8/42 HPs)
             Began as a Djinni Monk on Mar 23, 2021.
             Killed by nerve-wracking pain
             ... invoked by an orc priest
              (12 damage)
             ... on level 3 of the Dungeon.
             The game lasted 00:03:37 (2500 turns).

rageheart7 the Skirmisher (Djinni Monk)             Turns: 2500, Time: 00:03:37

Health: -8/42      AC:  5    Str:  9    XL:     5   Next: 18%
Magic:  0/0        EV: 14    Int: 14    God:
Gold:   108        SH:  0    Dex: 21    Spells: 4/7 levels left

rFire    + + .     SeeInvis .   d - +2 hand axe (elec)
rCold    x . .     Faith    .   (no shield)
rNeg     . . .     Spirit   .   b - +0 robe
rPois    ∞         Reflect  .   (no helmet)
rElec    .         Harm     .   (no cloak)
rCorr    .         Rampage  .   h - +0 pair of gloves
Will     .....                  (boots unavailable)
Stlth    ++........             (no amulet)
HPRegen  0.14/turn              g - +6 ring of dexterity
MPRegen  0.00/turn              (no ring)

@: flying
A: fire resistance 2, cold vulnerability 1, float, innate caster, hp casting,
extra vitality 1, slimy green scales 1, clever 1, weak 1
a: no special abilities


You were on level 3 of the Dungeon.
You visited 1 branch of the dungeon, and saw 3 of its levels.

You collected 108 gold pieces.

Inventory:

Hand Weapons
 d - a +2 hand axe of electrocution (weapon)
 m - a +2 short sword of speed
Armour
 b - a +0 robe (worn)
 h - a +0 pair of gloves (worn)
Jewellery
 g - a +6 ring of dexterity (right hand)
Potions
 c - a potion of mutation
 i - a potion of invisibility
 l - a potion of curing


   Skills:
 * Level 4.8 Fighting
 - Level 3.0 Long Blades
 - Level 1.1 Axes
 - Level 3.2 Dodging
 - Level 1.5 Stealth
 * Level 1.7 Spellcasting


You had 4 spell levels left.
You knew the following spells:

 Your Spells              Type           Power      Damage    Failure   Level
a - Beastly Appendage     Tmut           12%        N/A       12%         1
b - Slow                  Hex            6%         N/A       19%         2
Your spell library was empty.

Dungeon Overview and Level Annotations

Branches:
Dungeon (3/15)

Altars:
Elyvilon

Shops:
D:3 *


Innate Abilities, Weirdness & Mutations

You are immune to poison.
Your flesh is very heat resistant. (rF++)
You are vulnerable to cold. (rC-)
You float through the air rather than walking.
You learn spells naturally, not from books.
Your magical power is your life essence.
You have superior vitality. (+4 HP)
You are partially covered in slimy green scales. (AC +2)
Your mind is acute. (Int +2)
You are weak. (Str -2)


Message History

You hit the jackal but do no damage. Lightning courses through the jackal!
You kill the jackal!
An orc comes into view. It is wielding a +0 short sword.
Things that are here:
a +0 short sword; a +0 leather armour You swing at nothing.
The orc shouts!
You hit the orc.
The orc is lightly wounded.
The orc hits you with a +0 club.
You closely miss the orc.
The orc is lightly wounded.
You hit the orc but do no damage. The orc completely misses you.
The orc hits you with a +0 short sword.
An orc priest comes into view. It is wielding a +0 club.
The orc misses you.
You hit the orc. Lightning courses through the orc!!
You kill the orc!
You hit the orc but do no damage. The orc hits you with a +0 short sword.
An orc comes into view. It is wielding a +0 club.
You barely miss the orc. The orc hits you with a +0 short sword.
The orc completely misses you.
You hit the orc.
The orc is severely wounded.
The orc priest hits you with a +0 club.
* * * LOW HITPOINT WARNING * * *
You barely miss the orc priest. You hit the orc.
Lightning courses through the orc!!
You kill the orc!
You hit the orc. Lightning courses through the orc!!
You kill the orc!
The orc priest hits you with a +0 club.
* * * LOW HITPOINT WARNING * * *
You barely miss the orc priest. The orc priest hits you with a +0 club.
* * * LOW HITPOINT WARNING * * *
Unknown command.
You closely miss the orc priest.
The orc priest mumbles some strange prayers to Beogh against you.
Pain shoots through your body!
You die...

#.#.# #.#.#
#.#># ##.#.# #
#.!..#
...##....##
##....††..##.#
......†.@o...#
.....(..))####
.###....###
#....# #...##
...## ..## ..


You could see an orc priest.

Vanquished Creatures
  A gnoll (D:1)
  5 adders
  A worm (D:3)
  5 orcs (D:3)
  6 ball pythons
  2 bats (D:2)
  3 giant cockroaches
  7 goblins
  8 hobgoblins
  3 jackals (D:3)
  9 oozes
  A quokka (D:1)
  A frilled lizard (D:2)
  6 kobolds
  5 rats
63 creatures vanquished.

Vanquished Creatures (others)
  A plant (D:3)
1 creature vanquished.

Grand Total: 64 creatures vanquished

Notes
Turn   | Place    | Note
-------+----------+-------------------------------------------
     0 | D:1      | rageheart7 the Djinni Monk began the quest for the Orb.
     0 | D:1      | Reached XP level 1. HP: 20/20 MP: 0/0
   284 | D:1      | Reached XP level 2. HP: 19/25 MP: 0/0
   872 | D:1      | Reached XP level 3. HP: 27/31 MP: 0/0
   872 | D:1      | Learned a level 1 spell: Beastly Appendage
   874 | D:1      | Reached skill level 1 in Spellcasting
  1390 | D:2      | Gained mutation: You are dopey. (Int -2) [potion of
                  | mutation]
  1390 | D:2      | Gained mutation: Your muscles are strong. (Str +2) [potion
                  | of mutation]
  1391 | D:2      | Lost mutation: Your muscles are strong. (Str +2) [potion of
                  | mutation]
  1391 | D:2      | Lost mutation: You are dopey. (Int -2) [potion of mutation]
  1391 | D:2      | Gained mutation: You are partially covered in slimy green
                  | scales. (AC +2) [potion of mutation]
  1391 | D:2      | Gained mutation: You are weak. (Str -2) [potion of
                  | mutation]
  1391 | D:2      | Gained mutation: Your mind is acute. (Int +2) [potion of
                  | mutation]
  1550 | D:2      | Reached skill level 4 in Fighting
  1603 | D:2      | Found a white marble altar of Elyvilon.
  1692 | D:2      | Reached XP level 4. HP: 37/37 MP: 0/0
  1787 | D:2      | Reached skill level 1 in Axes
  2208 | D:3      | Found Isevu's General Store.
  2485 | D:3      | Reached XP level 5. HP: 41/42 MP: 0/0
  2485 | D:3      | Learned a level 2 spell: Slow
  2500 | D:3      | Killed from afar by an orc priest

Illustrated notes

Levels and vault maps discovered:
D:1:      minmay_arrival_four_loops, layout_basic
D:2:      layout_loops_ring, lemuel_crystal_altar, columned_hall_lemuel
D:3:      layout_loops_ring, gammafunk_ghost_necromancy, serial_shops,
          nicolae_shop_overgrown_old_shop, shop, shop_fountains, shop,
          uniq_sigmund

Skill      XL: |  1  2  3  4 |
---------------+-------------+-----
Spellcasting   | 1 |  1.7
Fighting       | 4 |  4.8
Axes           | 1 |  1.1
Long Blades    | |  3.0
Dodging        | |  3.2
Stealth        | |  1.5

Action                   |  1- 3 |  4- 6 || total
-------------------------+-------+-------++-------
Melee: Falchion          |    10 |       ||    10
       Hand axe          |    74 |    68 ||   142
 Cast: Beastly Appendage |     2 |     1 ||     3
  Use: Potion            |     2 |       ||     2
       Scroll            |     1 |     5 ||     6
 Stab: Sleeping          |     7 |     2 ||     9
       Distracted        |       |     1 ||     1
Armor: Robe              |     9 |    16 ||    25
Dodge: Dodged            |    70 |    52 ||   122

Table legend: (Time is in decaauts)
 A = Elapsed time spent in this place.
 B = Non-inter-level travel time spent in this place.
 C = Inter-level travel time spent in this place.
 D = Time resting spent in this place.
 E = Time spent auto-exploring this place.
 F = Levels seen in this place.
 G = Mean time per level.
                   A        B        C        D        E       F      G
               +--------+--------+--------+--------+--------+-----+--------+
         Total |   2537 |   2494 |     43 |    212 |   1880 |   3 |  845.7 |
       Dungeon |   2537 |   2494 |     43 |    212 |   1880 |   3 |  845.7 |
               +--------+--------+--------+--------+--------+-----+--------+

Top non-repeatable levels by time:
     D:1: 1401 daAuts
     D:2: 771 daAuts
     D:3: 364 daAuts
